[Event "*** Titled Tuesday Blitz"]
[Site "Chess.com"]
[Date "2019.03.05"]
[Round "4"]
[White "PaulfromSPb"]
[Black "MFBerna"]
[Result "1-0"]
[WhiteElo "2607"]
[BlackElo "2410"]
[TimeControl "180+2"]
[EndTime "13:53:45 PST"]
[Termination "PaulfromSPb won by resignation"]

1. e4 c6 2. d4 d5 3. Nd2 dxe4 4. Nxe4 Nf6 5. Nxf6+ exf6 6. c3 Bd6 7. Bd3 O-O 8. Qc2 Re8+ 9. Ne2 h6 10. Be3 Be6 11. h4 Nd7 12. c4 Bb4+ 13. Nc3 Nb6 14. a3 Bf8 15. Ne2 Qc7 16. O-O-O Nd7 17. Rhe1 Rac8 18.
Kb1 Qa5 19. Nf4 Bg4 20. f3 Be6 21. Nxe6 Rxe6 22. Bh7+ Kh8 23. Bf5 Rd6 24. Bf4 Rd8 25. Bxd6 Bxd6 26. Bxd7 1-0

[Event "*** Titled Tuesday Blitz"]
[Site "Chess.com"]
[Date "2019.03.05"]
[Round "4"]
[White "Shant_Sargsyan"]
[Black "kenta1234"]
[Result "1-0"]
[WhiteElo "2920"]
[BlackElo "2597"]
[TimeControl "180+2"]
[EndTime "13:53:46 PST"]
[Termination "Shant_Sargsyan won by resignation"]

1. d4 Nf6 2. c4 g6 3. Nc3 Bg7 4. e4 d6 5. Be2 O-O 6. Be3 c5 7. d5 e6 8. Nf3 exd5 9. cxd5 Bg4 10. Nd2 Bxe2 11. Qxe2 a6 12. a4 Re8 13. O-O Nbd7 14. f3 Nh5 15. Nc4 Ne5 16. a5 Nxc4 17.
Qxc4 Be5 18. f4 Bxc3 19. bxc3 Nf6 20. e5 dxe5 21. Rad1 e4 22. Qxc5 Rc8 23. Qd4 Ng4 24. d6 Qd7 25. f5 Rc6 26. Bf4 e3 27. Rfe1 Qxf5 28. d7 Rd8 29. h3 Nf2 30. Rxe3 Re6 31.
Rxe6 Nxh3+ 32. gxh3 Qxe6 33. Bc7 Qxh3 34. Bxd8 Qg3+ 35.
Kf1 Qh3+ 36. Ke1 Qh1+ 37. Kd2 Qg2+ 38. Kc1 1-0

[Event "*** Titled Tuesday Blitz"]
[Site "Chess.com"]
[Date "2019.03.05"]
[Round "4"]
[White "orrbaverlekszarnyon"]
[Black "Walter_White_Poland"]
[Result "0-1"]
[WhiteElo "2155"]
[BlackElo "2217"]
[TimeControl "180+2"]
[EndTime "13:53:47 PST"]
[Termination "Walter_White_Poland won by checkmate"]

1. e4 e5 2. Nf3 Nc6 3. Bc4 Nf6 4. d3 d5 5. exd5 Nxd5 6. Nc3 Nxc3 7. bxc3 h6 8. Qe2 Bd6 9. d4 O-O 10. Nxe5 Nxe5 11.
dxe5 Bxe5 12. O-O Bxc3 13. Ba3 Bxa1 14. Bxf8 Bf6 15. Ba3 Bf5 16. Qf3 Bxc2 17. Qxb7 a5 18. Qc6 Qe8 19. Bxf7+ Qxf7 20. Qxc2 Bd4 21. Qc6 Re8 22.
Bc5 Qxf2+ 23. Rxf2 Re1# 0-1

[Event "*** Titled Tuesday Blitz"]
[Site "Chess.com"]
[Date "2019.03.05"]
[Round "4"]
[White "r31415"]
[Black "Romn69"]
[Result "1-0"]
[WhiteElo "2351"]
[BlackElo "2225"]
[TimeControl "180+2"]
[EndTime "13:53:52 PST"]
[Termination "r31415 won by resignation"]

1. e4 c5 2. Nf3 e6 3. d4 cxd4 4. Nxd4 Nc6 5. Nb5 Nf6 6. N1c3 Bb4 7. a3 Bxc3+ 8. Nxc3 d5 9. exd5 exd5 10. Bd3 d4 11.
Ne2 O-O 12. Bg5 h6 13. Bh4 Bf5 14. O-O Bxd3 15. Qxd3 Qd6 16. Rad1 Rad8 17. Rfe1 g5 18. Bg3 Qd5 19. f3 Rd7 20. Bf2 Rfd8 21. Ng3 Kf8 22. Nf5 Ng8 23. a4 Ne5 24. Qa3+ 1-0

[Event "*** Titled Tuesday Blitz"]
[Site "Chess.com"]
[Date "2019.03.05"]
[Round "4"]
[White "XiaoKangZhong"]
[Black "chesstatour"]
[Result "1-0"]
[WhiteElo "2108"]
[BlackElo "2010"]
[TimeControl "180+2"]
[EndTime "13:53:56 PST"]
[Termination "XiaoKangZhong won on time"]

1. e4 c6 2. Ne2 d5 3. e5 c5 4. c3 Nc6 5. d4 e6 6. Be3 cxd4 7.
cxd4 Nge7 8. g3 Nf5 9. Bg2 Bb4+ 10. Nbc3 Bd7 11. O-O O-O 12. a3 Bxc3 13. bxc3 Na5 14. Bh3 Nxe3 15. fxe3 Bb5 16. Bg2 Rc8 17. Rc1 Bxe2 18. Qxe2 Qc7 19. e4 Nb3 20. Rb1 Qxc3 21. exd5 Nxd4 22. Qf2 exd5 23. Bxd5 Kh8 24. Rxb7 Qd3 25.
Rxf7 Rxf7 26. Qxf7 Ne2+ 27. Kf2 1-0

[Event "*** Titled Tuesday Blitz"]
[Site "Chess.com"]
[Date "2019.03.05"]
[Round "4"]
[White "politeplayer"]
[Black "OparinGrigoriy"]
[Result "0-1"]
[WhiteElo "2078"]
[BlackElo "2967"]
[TimeControl "180+2"]
[EndTime "13:53:57 PST"]
[Termination "OparinGrigoriy won by checkmate"]

1. e4 c6 2. d4 d5 3. exd5 cxd5 4.
c4 Nf6 5. Nc3 g6 6. Nf3 Bg7 7.
Be2 O-O 8. O-O Nc6 9. Re1 Bg4 10.
Be3 dxc4 11. Bxc4 Rc8 12. Bb3 Bxf3 13. Qxf3 Nxd4 14. Bxd4 Qxd4 15. Qxb7 e6 16. Rad1 Qh4 17. g3 Qh5 18. Qg2 a5 19. Rd4 Rfd8 20. Rh4 Qc5 21. Rc4 Qb6 22. Rxc8 Rxc8 23. Na4 Qb4 24. Qf1 h5 25. Rxe6 fxe6 26. Bxe6+ Kh7 27. Bxc8 Qxa4 28. Be6 Qd4 29. b3 Ne4 30. Qe2 Bh6 31. Bc4 Nxf2 32. Qe7+ Bg7 33. Qe8 Ng4+ 34. Kg2 Qf2+ 35. Kh3 Qxh2# 0-1

[Event "*** Titled Tuesday Blitz"]
[Site "Chess.com"]
[Date "2019.03.05"]
[Round "4"]
[White "tunadrol"]
[Black "emperor87"]
[Result "1/2-1/2"]
[WhiteElo "2500"]
[BlackElo "2627"]
[TimeControl "180+2"]
[EndTime "13:53:58 PST"]
[Termination "Game drawn by agreement"]

1. e4 c6 2. d4 d5 3. Nc3 dxe4 4. Nxe4 Nd7 5. Nf3 Ngf6 6. Bd3 Nxe4 7. Bxe4 Nf6 8. Bd3 Bg4 9. c3 e6 10. h3 Bh5 11. O-O Bd6 12. b3 O-O 13. Bb2 Nd5 14. Re1 Nf4 15. Bf1 Qf6 16. Re3 Rad8 17. g3 Nd5 18. Rd3 Bg6 19. Rd2 Be4 20. Bg2 Qh6 21. c4 Nf6 22. Qe2 Bxf3 23. Bxf3 Qxh3 24. d5 cxd5 25.
Bxf6 gxf6 26. cxd5 Be5 27. Rad1 Kh8 28. Bg4 Qh6 29. dxe6 Rxd2 30. Qxd2 Qxd2 31. Rxd2 fxe6 32. Bxe6 Re8 33. Bf5 Re7 34. Kg2 Kg7 35. Kf3 h5 36. Rd7 Rxd7 37. Bxd7 1/2-1/2

[Event "*** Titled Tuesday Blitz"]
[Site "Chess.com"]
[Date "2019.03.05"]
[Round "4"]
[White "Poghosyan_Suren"]
[Black "ShimanovAlex"]
[Result "0-1"]
[WhiteElo "2481"]
[BlackElo "2819"]
[TimeControl "180+2"]
[EndTime "13:54:01 PST"]
[Termination "ShimanovAlex won by resignation"]

1. d4 Nf6 2. c4 g6 3. Nc3 Bg7 4. Nf3 O-O 5. Bf4 d6 6. e3 Qe8 7. h3 Nfd7 8. Be2 e5 9. Bh2 Nc6 10. O-O f5 11. Rc1 Kh8 12. Nd5 Qd8 13. b4 exd4 14. exd4 Nf6 15. Nxf6 Qxf6 16. c5 f4 17. b5 Nxd4 18. Nxd4 Qxd4 19. cxd6 cxd6 20. Bf3 Qb6 21. Qd2 Be5 22. a4 a6 23. Rb1 axb5 24. Rxb5 Qa6 25.
Rfb1 Qxa4 26. Bxb7 Qxb5 27. Qd1 Qxb7 28. Rxb7 Bxb7 0-1

[Event "*** Titled Tuesday Blitz"]
[Site "Chess.com"]
[Date "2019.03.05"]
[Round "4"]
[White "Last7Samurai"]
[Black "MikaelyanArman"]
[Result "1-0"]
[WhiteElo "2689"]
[BlackElo "2721"]
[TimeControl "180+2"]
[EndTime "13:54:03 PST"]
[Termination "Last7Samurai won by resignation"]

1. e4 d6 2. d4 Nf6 3. Nc3 g6 4. f4 Bg7 5. a3 O-O 6. Nf3 Bg4 7. h3 Bxf3 8. Qxf3 Nc6 9. Be3 e5 10. dxe5 dxe5 11. f5 Nd4 12. Qf2 Nd7 13. g4 c6 14.
O-O-O b5 15. g5 f6 16. h4 a5 17. h5 fxg5 18. hxg6 h6 19. Ne2 c5 20. Nc3 b4 21.
Bc4+ Kh8 22. Rxh6+ Bxh6 23. Qh2 Kg7 24. Qxh6+ Kxh6 25. Rh1+ 1-0

[Event "*** Titled Tuesday Blitz"]
[Site "Chess.com"]
[Date "2019.03.05"]
[Round "4"]
[White "Perecke"]
[Black "SamCopeland"]
[Result "0-1"]
[WhiteElo "2034"]
[BlackElo "2037"]
[TimeControl "180+2"]
[EndTime "13:54:04 PST"]
[Termination "SamCopeland won by resignation"]

1. e4 Nf6 2. e5 Nd5 3. d4 d6 4. c4 Nb6 5. f4 dxe5 6. fxe5 Nc6 7. Nf3 Bg4 8. Be3 e6 9. Nc3 Be7 10. c5 Nd5 11. Nxd5 Qxd5 12. Bb5 O-O 13. Bxc6 Qxc6 14. h3 Bh5 15. Qe2 f6 16. exf6 Bxf6 17. O-O Rad8 18.
Rad1 Qe4 19. Qd3 Bxf3 20. Rxf3 Qxd3 21. Rxd3 e5 22. Bf2 e4 0-1

[Event "*** Titled Tuesday Blitz"]
[Site "Chess.com"]
[Date "2019.03.05"]
[Round "4"]
[White "Indianlad"]
[Black "dopolian"]
[Result "1-0"]
[WhiteElo "2996"]
[BlackElo "2178"]
[TimeControl "180+2"]
[EndTime "13:54:06 PST"]
[Termination "Indianlad won by resignation"]

1. d4 Nf6 2. Bf4 d6 3. Nc3 g6 4. e4 Bg7 5. Qd2 O-O 6. Nf3 c5 7. d5 a6 8. a4 Nbd7 9. Be2 Nh5 10. Bg5 Rb8 11. O-O Nhf6 12. Rfe1 Ng4 13. h3 Nge5 14. Nh4 Nf6 15. f4 Ned7 16. Nf3 h6 17. Bh4 Qc7 18. Bf1 Nh5 19. g4 Nhf6 20. e5 dxe5 21. fxe5 Nxg4 22. d6 exd6 23. Nd5 Ndxe5 24. Rxe5 Nxe5 25. Nxe5 1-0

[Event "*** Titled Tuesday Blitz"]
[Site "Chess.com"]
[Date "2019.03.05"]
[Round "4"]
[White "LPSupi"]
[Black "SerkanSoysal"]
[Result "1-0"]
[WhiteElo "2853"]
[BlackElo "2576"]
[TimeControl "180+2"]
[EndTime "13:54:07 PST"]
[Termination "LPSupi won by resignation"]

1. d4 d5 2. c4 c6 3. Nf3 Nf6 4. Nc3 dxc4 5. a4 Bf5 6. Nh4 Bc8 7. e3 e5 8. Bxc4 exd4 9. exd4 Bg4 10. Qb3 Qxd4 11.
Bxf7+ Kd8 12. Qxb7 Bb4 13. O-O Bd6 14. Qxa8 Rf8 15.
Be3 Qe5 16. g3 Rxf7 17. Bf4 Qc5 18. Bxd6 Qxd6 19. Rad1 Bxd1 20. Rxd1 Nd5 21. Nxd5 1-0

[Event "*** Titled Tuesday Blitz"]
[Site "Chess.com"]
[Date "2019.03.05"]
[Round "4"]
[White "PocketPivot"]
[Black "jlucasvf"]
[Result "1-0"]
[WhiteElo "2497"]
[BlackElo "2709"]
[TimeControl "180+2"]
[EndTime "13:54:12 PST"]
[Termination "PocketPivot won by resignation"]

1. d4 a6 2. a3 b6 3. e4 c6 4.
c4 d6 5. Nc3 g6 6. f4 e6 7. Nf3 f6 8. d5 h6 9. Nd4 cxd5 10.
cxd5 e5 11. Ne6 Qe7 12. f5 gxf5 13. Qh5+ Kd7 14. Qxf5 Ke8 15. Qg6+ Kd7 16. Qf5 Ke8 17.
Be2 Bxe6 18. dxe6 Nc6 19. Nd5 Qg7 20. e7 Ngxe7 21. Nc7+ Kf7 22. Qe6+ Kg6 23. Nxa8 Nd4 24. Qg4+ Kh7 25. O-O Qf7 26. Nxb6 Rg8 27. Qh5 Qg7 28. Bf3 d5 29. Nxd5 Nxd5 30. exd5 Bc5 31. Kh1 Nb3 32. Be4+ 1-0

[Event "*** Titled Tuesday Blitz"]
[Site "Chess.com"]
[Date "2019.03.05"]
[Round "4"]
[White "jmduque"]
[Black "b_6"]
[Result "0-1"]
[WhiteElo "2356"]
[BlackElo "2423"]
[TimeControl "180+2"]
[EndTime "13:54:15 PST"]
[Termination "b_6 won by resignation"]

1. e4 e6 2. d4 d5 3. Nc3 Bb4 4. e5 Ne7 5. a3 Bxc3+ 6. bxc3 c5 7. Qg4 O-O 8. Bd3 f5 9. exf6 Rxf6 10. Bg5 Rf7 11. Qh5 g6 12. Qd1 Qa5 13. Nf3 Nbc6 14. dxc5 e5 15. Bxe7 Rxe7 16. Nd2 Qxc3 17. O-O e4 18. Be2 Qxc5 19. Nb3 Qd6 20. c4 d4 21. c5 Qe5 22. Bc4+ Be6 23. f4 exf3 24. Bxe6+ Rxe6 25. Qxf3 Qe3+ 26. Qxe3 Rxe3 27. Nd2 Rae8 28. Nc4 Rc3 29. Nd6 Re2 30. Rf2 Rxf2 31. Kxf2 Rxc5 32.
Nxb7 Rc2+ 33. Kf3 Kf7 34. Nd6+ Ke6 35. Ne4 Ne5+ 36. Kg3 d3 37. Nf2 Kd5 38. Nd1 Kd4 39.
Rb1 d2 40. Rb4+ Nc4 41. Kf2 Kd3 42. Rb8 Rc1 43. Rd8+ Kc2 44. Ne3+ Nxe3 45. Rc8+ 0-1

[Event "*** Titled Tuesday Blitz"]
[Site "Chess.com"]
[Date "2019.03.05"]
[Round "4"]
[White "murmah2003"]
[Black "Chessialist"]
[Result "1-0"]
[WhiteElo "2540"]
[BlackElo "2493"]
[TimeControl "180+2"]
[EndTime "13:54:27 PST"]
[Termination "murmah2003 won by resignation"]

1. d4 Nf6 2. c4 e5 3. dxe5 Ng4 4. Nf3 Bc5 5. e3 Nc6 6. Be2 O-O 7. O-O Ngxe5 8. Nxe5 Nxe5 9. Nc3 a5 10. b3 Ra6 11.
Qd5 Qe7 12. Bb2 Rh6 13. Ne4 Qh4 14. Bxe5 Bb6 15. Bg3 Qe7 16. c5 Ba7 17. Bxc7 Re8 18. Bf3 Re6 19. Bd6 Qh4 20. Ng3 g6 21. Rad1 a4 22. Rd4 Qh6 23. Rxa4 b6 24. Rxa7 bxc5 25. Qxc5 1-0

[Event "*** Titled Tuesday Blitz"]
[Site "Chess.com"]
[Date "2019.03.05"]
[Round "4"]
[White "vgyogi"]
[Black "Hieronymus00"]
[Result "1-0"]
[WhiteElo "2144"]
[BlackElo "2203"]
[TimeControl "180+2"]
[EndTime "13:54:28 PST"]
[Termination "vgyogi won by resignation"]

1. d4 Nf6 2. Bg5 c5 3. Bxf6 gxf6 4. d5 d6 5. c4 f5 6. Nc3 Bg7 7. e3 O-O 8. Nf3 e5 9. dxe6 fxe6 10. Qc2 Nc6 11. a3 Qf6 12. Rd1 Rd8 13. Be2 a6 14. O-O b6 15. Rd2 Bb7 16. Rfd1 Qe7 17. Na4 Qc7 18. Qb3 b5 19. cxb5 axb5 20. Qxe6+ Kh8 21.
Ng5 Ne5 22. Qxf5 Ng6 23. Bxb5 Rf8 24. Qh3 h6 25. Rxd6 1-0

[Event "*** Titled Tuesday Blitz"]
[Site "Chess.com"]
[Date "2019.03.05"]
[Round "4"]
[White "Svet99"]
[Black "LarissaSteenbekkers"]
[Result "1-0"]
[WhiteElo "2149"]
[BlackElo "1987"]
[TimeControl "180+2"]
[EndTime "13:54:35 PST"]
[Termination "Svet99 won by checkmate"]

1. Nf3 Nf6 2. d4 g6 3. c4 Bg7 4. Nc3 d5 5. e3 O-O 6. b3 c5 7.
Be2 Nc6 8. O-O cxd4 9. exd4 b6 10. Bb2 Bb7 11. Rc1 Rc8 12. Re1 Na5 13. Nb5 a6 14.
Na3 Ne4 15. Bd3 e6 16. Qe2 Ng5 17. Ne5 h5 18. f4 Ne4 19. Bxe4 dxe4 20. Bc3 f6 21.
Nxg6 Rf7 22. Qxh5 f5 23. Re3 Bf6 24. Rh3 Rg7 25. Kh1 e3 26. Re1 Bxd4 27. Bxd4 Qxd4 28. Rhxe3 Kf7 29. Rxe6 Rcg8 30. Re7+ Kf6 31. R1e6# 1-0

[Event "*** Titled Tuesday Blitz"]
[Site "Chess.com"]
[Date "2019.03.05"]
[Round "4"]
[White "Alopekos"]
[Black "fu24"]
[Result "0-1"]
[WhiteElo "2431"]
[BlackElo "2506"]
[TimeControl "180+2"]
[EndTime "13:54:39 PST"]
[Termination "fu24 won by resignation"]

1. e4 e6 2. d4 d5 3. Nc3 Bb4 4.
e5 c5 5. a3 Bxc3+ 6. bxc3 Ne7 7.
Qg4 Qc7 8. Qxg7 Rg8 9. Qxh7 cxd4 10. Ne2 dxc3 11. f4 Nbc6 12. Rg1 Qb6 13. g4 Bd7 14. Rg3 d4 15. h4 O-O-O 16. Qd3 Nd5 17. h5 f6 18.
exf6 Nxf6 19. Bh3 Rge8 20. h6 e5 21. fxe5 Nxe5 22. Qd1 Ne4 23. Bf4 Nxg3 24. Bxg3 d3 25.
cxd3 Nf3+ 26. Kf1 Nd2+ 27. Kg2 Bc6+ 28. Kh2 Nf3+ 29. Kg2 Ng1+ 30. Kf1 Rxe2 31. g5+ Nxh3 32. Kxe2 Re8+ 0-1

[Event "*** Titled Tuesday Blitz"]
[Site "Chess.com"]
[Date "2019.03.05"]
[Round "4"]
[White "calemcc"]
[Black "VeraNebolsina"]
[Result "0-1"]
[WhiteElo "2225"]
[BlackElo "2349"]
[TimeControl "180+2"]
[EndTime "13:54:40 PST"]
[Termination "VeraNebolsina won on time"]

1. d4 Nf6 2. c4 g6 3. f3 d5 4.
cxd5 Nxd5 5. e4 Nb6 6. Nc3 Bg7 7. Be3 Nc6 8. d5 Ne5 9. Bd4 O-O 10. f4 Bg4 11. Qd2 Nec4 12. Bxc4 Nxc4 13. Qf2 Nxb2 14.
Qxb2 Bxd4 15. Rc1 Be3 16. Rb1 Bxf4 17. Nge2 Be3 18. Qxb7 e6 19. Qc6 Qh4+ 20. g3 Qh3 21. Rf1 Qxh2 22. Qxc7 exd5 23. Rb7 Rac8 0-1

[Event "*** Titled Tuesday Blitz"]
[Site "Chess.com"]
[Date "2019.03.05"]
[Round "4"]
[White "GataKamsky1974"]
[Black "SF-96"]
[Result "1-0"]
[WhiteElo "2833"]
[BlackElo "2574"]
[TimeControl "180+2"]
[EndTime "13:54:46 PST"]
[Termination "GataKamsky1974 won by resignation"]

1. e4 e5 2. Nf3 Nc6 3. Bb5 a6 4. Ba4 Nf6 5. O-O b5 6. Bb3 Bc5 7. c3 d6 8. d4 Bb6 9. Re1 O-O 10. h3 h6 11. Be3 exd4 12. cxd4 d5 13. exd5 Nxd5 14.
Bxd5 Qxd5 15. Nc3 Qd8 16. d5 Bxe3 17. dxc6 Bb6 18. Nd5 Be6 19. Nxb6 cxb6 20. Nd4 Bd5 21. Qg4 Qg5 22. Qxg5 hxg5 23. c7 Rac8 24. Rac1 g6 25.
Re5 Bxa2 26. b3 f6 27. Re2 Bb1 28. Rxb1 Rxc7 29. Re6 Rd7 30. Nf3 Kf7 31. Rxb6 Ra8 32. Rc1 1-0

[Event "*** Titled Tuesday Blitz"]
[Site "Chess.com"]
[Date "2019.03.05"]
[Round "4"]
[White "marianokar"]
[Black "TBergh98"]
[Result "0-1"]
[WhiteElo "2433"]
[BlackElo "2370"]
[TimeControl "180+2"]
[EndTime "13:54:47 PST"]
[Termination "TBergh98 won by resignation"]

1. c4 e5 2. Nc3 d6 3. g3 Nf6 4.
Nf3 g6 5. Bg2 Bg7 6. d4 Nc6 7.
d5 Ne7 8. e4 O-O 9. O-O Nd7 10.
Ne1 f5 11. Nd3 a5 12. f4 Nf6 13. fxe5 dxe5 14. Nxe5 Nxe4 15. Nxe4 Bxe5 16. Ng5 Bd7 17.
Re1 Bf6 18. Ne6 Bxe6 19. Rxe6 Nc8 20. c5 a4 21. d6 cxd6 22. cxd6 Ra6 23. Bh6 Rf7 24. Bd5 Nxd6 25. Qe2 Bd4+ 26. Kg2 Ne4 27. Rxe4 Qxd5 0-1

[Event "*** Titled Tuesday Blitz"]
[Site "Chess.com"]
[Date "2019.03.05"]
[Round "4"]
[White "kinga2008"]
[Black "DACF2905"]
[Result "0-1"]
[WhiteElo "1850"]
[BlackElo "2067"]
[TimeControl "180+2"]
[EndTime "13:54:47 PST"]
[Termination "DACF2905 won by resignation"]

1. e4 c5 2. Nf3 e6 3. d4 cxd4 4. Nxd4 a6 5. Nc3 Qc7 6. Be3 Nf6 7. f3 Bc5 8. Qd2 b5 9. O-O-O O-O 10. g4 Bb7 11. h4 d6 12. h5 Nc6 13. g5 Nd7 14.
Bh3 Nde5 15. Qf2 Nc4 16. Nxe6 fxe6 17. Bxe6+ Kh8 18. Bxc5 dxc5 19. Bxc4 bxc4 20. Qxc5 Qf4+ 21. Kb1 Rac8 22. Qa3 Qxg5 23. Rdg1 Qe5 24. Nd5 Nd4 25. Qa5 Bxd5 26. Qxd5 Qxd5 27. exd5 Nxf3 28. Rd1 c3 29. b3 Nd2+ 30. Ka1 Rcd8 31. Rh3 Rxd5 32. Rxc3 Nxb3+ 0-1

[Event "*** Titled Tuesday Blitz"]
[Site "Chess.com"]
[Date "2019.03.05"]
[Round "4"]
[White "Mbneu"]
[Black "witcher8"]
[Result "1-0"]
[WhiteElo "2250"]
[BlackElo "2361"]
[TimeControl "180+2"]
[EndTime "13:54:57 PST"]
[Termination "Mbneu won by checkmate"]

1. d4 Nf6 2. c4 g6 3. Nc3 Bg7 4. e4 d6 5. f4 O-O 6. Nf3 c5 7. d5 e6 8. Be2 exd5 9. cxd5 Re8 10. e5 dxe5 11. fxe5 Ng4 12. e6 fxe6 13. Bg5 Qb6 14. Qd2 Nd7 15. O-O Nde5 16. Nxe5 Nxe5 17. d6 Bd7 18. Ne4 Rf8 19. Be7 Rf5 20. Ng3 Rxf1+ 21. Rxf1 c4+ 22. Kh1 Rc8 23. Ne4 Qc6 24. Nf6+ Kh8 25.
Qf4 Qc5 26. Qh4 h6 27. Ne4 Qd4 28. Bf6 Bc6 29. Bxg7+ Kxg7 30. Qf6+ Kh7 31. Qe7+ Kh8 32. Rf8+ Rxf8 33. Qxf8+ Kh7 34. Nf6# 1-0

[Event "*** Titled Tuesday Blitz"]
[Site "Chess.com"]
[Date "2019.03.05"]
[Round "4"]
[White "Rashad_Zeynalli"]
[Black "Msb2"]
[Result "0-1"]
[WhiteElo "2395"]
[BlackElo "2787"]
[TimeControl "180+2"]
[EndTime "13:55:05 PST"]
[Termination "Msb2 won on time"]

1. d4 d5 2. Bf4 c5 3. e3 Nc6 4. c3 Qb6 5. Qb3 c4 6. Qxb6 axb6 7. e4 Nf6 8. f3 b5 9. Nd2 e6 10. Ne2 b4 11. g4 b5 12. g5 Nd7 13. Be3 Nb6 14.
Bg2 b3 15. a3 b4 16. cxb4 Nxb4 17. Kf2 Nd3+ 18. Kg3 Nxb2 19. Nc3 N2a4 20. Ndb1 Bd6+ 21.
f4 Bb7 22. Nb5 Bb8 23. N1c3 Nxc3 24. Nxc3 Na4 25. Bd2 Nxc3 26. Bxc3 Bd6 27. a4 Kd7 28. e5 Be7 29. a5 Ra6 30. h4 h5 31. Bf3 g6 32. Kf2 Rha8 33. Ke3 Bd8 34. Ra4 Bxa5 35. Bxa5 Rxa5 36. Rb4 Bc6 0-1

[Event "*** Titled Tuesday Blitz"]
[Site "Chess.com"]
[Date "2019.03.05"]
[Round "4"]
[White "Maikrosoft63"]
[Black "Gentlejimmy7"]
[Result "0-1"]
[WhiteElo "2539"]
[BlackElo "2392"]
[TimeControl "180+2"]
[EndTime "13:55:10 PST"]
[Termination "Gentlejimmy7 won by resignation"]

1. e4 e5 2. Nf3 Nc6 3. Bc4 Bc5 4. d3 Nf6 5. c3 d6 6. Nbd2 Bb6 7.
h3 O-O 8. Nf1 d5 9. exd5 Nxd5 10.
Ng3 Nf4 11. O-O Qf6 12. Ne4 Qg6 13. Bxf4 exf4 14. Kh2 Na5 15. Bb5 f5 16. Ned2 Be6 17. Ne5 Qf6 18. Ndf3 g5 19. b4 Nc6 20. Nxc6 bxc6 21. Bxc6 Rad8 22. d4 g4 23. Ne5 f3 24.
gxf3 Qh4 25. fxg4 fxg4 26. Nxg4 h5 27. Ne5 Qxh3+ 28. Kg1 Rf5 29. Qc1 Kh7 30. f4 Rg8+ 31. Kf2 Rxe5 32. fxe5 Qg3+ 33. Ke2 Bc4+ 34. Kd2 Qd3+ 0-1

[Event "*** Titled Tuesday Blitz"]
[Site "Chess.com"]
[Date "2019.03.05"]
[Round "4"]
[White "HindsightIs2700"]
[Black "MFguimaraes"]
[Result "0-1"]
[WhiteElo "2291"]
[BlackElo "2315"]
[TimeControl "180+2"]
[EndTime "13:55:10 PST"]
[Termination "MFguimaraes won by checkmate"]

1. e4 e5 2. Nf3 Nc6 3. Bc4 Nf6 4. d3 h6 5. O-O g5 6. d4 exd4 7. e5 d5 8. Bb5 Ne4 9. Nxd4 Bd7 10. Bxc6 bxc6 11.
f4 Bc5 12. Kh1 g4 13. f5 Qh4 14. e6 Ng3+ 15. Kg1 Bxd4+ 16. Rf2 Bxf2+ 17. Kxf2 Ne4+ 18. Kg1 fxe6 19. fxe6 Bxe6 20. Be3 O-O 21. Nd2 g3 22. h3 Bxh3 23. gxh3 Qxh3 24. Nf3 Rxf3 25. Qxf3 Qh2+ 26. Kf1 Rf8 27. Qxf8+ Kxf8 28. Ke1 g2 29. Bg1 Qxg1+ 30. Ke2 Qf2+ 31. Kd3 Qd2# 0-1

[Event "*** Titled Tuesday Blitz"]
[Site "Chess.com"]
[Date "2019.03.05"]
[Round "4"]
[White "leoo2001"]
[Black "Zq1"]
[Result "1-0"]
[WhiteElo "2696"]
[BlackElo "2542"]
[TimeControl "180+2"]
[EndTime "13:55:12 PST"]
[Termination "leoo2001 won by resignation"]

1. e4 c5 2. Nf3 d6 3. d4 cxd4 4. Nxd4 Nf6 5. Nc3 Nc6 6. Bg5 g6 7. Bxf6 exf6 8. Bb5 Bd7 9. Nde2 Be7 10. O-O O-O 11.
Nd5 a6 12. Bd3 Ne5 13. f4 Nxd3 14. cxd3 f5 15. Nec3 fxe4 16. dxe4 Bf6 17. Qd2 Bc6 18. Rad1 Re8 19. Rfe1 Bg7 20. Qf2 Rc8 21. Nb6 Rc7 22. e5 Rce7 23. Nc4 d5 24. Nd6 Rf8 25. Nxd5 Bxd5 26.
Rxd5 Rd7 27. Red1 Qc7 28. h3 Qc6 29. Kh2 h5 30. Qg3 Qa4 31. f5 h4 32. Qe3 Qxa2 33. f6 Bh8 34. R1d4 Rfd8 35. Rxh4 1-0

[Event "*** Titled Tuesday Blitz"]
[Site "Chess.com"]
[Date "2019.03.05"]
[Round "4"]
[White "Sajkochess"]
[Black "Blagorod"]
[Result "1-0"]
[WhiteElo "2233"]
[BlackElo "2138"]
[TimeControl "180+2"]
[EndTime "13:55:12 PST"]
[Termination "Sajkochess won by resignation"]

1. e4 e5 2. Nf3 Nf6 3. Nxe5 d6 4. Nf3 Nxe4 5. Nc3 Nxc3 6. dxc3 Be7 7. Bf4 Nc6 8. Qd2 Be6 9. Bb5 Qd7 10. Nd4 Bd5 11.
O-O-O a6 12. Nxc6 bxc6 13. Bd3 O-O 14. Rhg1 Bxa2 15. g4 a5 16. h4 a4 17. h5 a3 18. b3 Rfb8 19. g5 Bxb3 20. cxb3 Rxb3 21. Bxh7+ Kf8 22. h6 g6 23. Qd4 f6 24. Qc4 d5 25. Qxb3 a2 26. Kb2 Qf5 27. Be3 Ba3+ 28. Ka1 Bd6 29. gxf6 Qxf6 30. Rxg6 1-0

[Event "*** Titled Tuesday Blitz"]
[Site "Chess.com"]
[Date "2019.03.05"]
[Round "4"]
[White "monalize"]
[Black "FMJoseHerrera"]
[Result "0-1"]
[WhiteElo "2306"]
[BlackElo "2508"]
[TimeControl "180+2"]
[EndTime "13:55:15 PST"]
[Termination "FMJoseHerrera won by resignation"]

1. e4 c5 2. Nf3 e6 3. d4 cxd4 4. Nxd4 a6 5. Nc3 Qc7 6. f4 d6 7.
Bd3 Nd7 8. Qf3 Ngf6 9. Bd2 b5 10. Qh3 Be7 11. Nf3 Bb7 12. a3 h5 13. O-O Ng4 14. Kh1 Rc8 15. Rae1 Ndf6 16. Re2 Kf8 17. Be1 d5 18. e5 Ne4 19. Bh4 Bxh4 20. Qxh4 Nxc3 21. bxc3 g6 22. Ng5 Qe7 23. h3 Nh6 24. Qf2 Nf5 25. Kg1 h4 26. Rb1 Qxa3 27. Kh2 Qc5 28. Qe1 Qxc3 29.
Qc1 Kg7 30. Qd1 Qd4 31. Qd2 Rc7 32. Rb4 Qc3 0-1

[Event "*** Titled Tuesday Blitz"]
[Site "Chess.com"]
[Date "2019.03.05"]
[Round "4"]
[White "Chess_for_enjoy"]
[Black "Dyadya81"]
[Result "0-1"]
[WhiteElo "2632"]
[BlackElo "2769"]
[TimeControl "180+2"]
[EndTime "13:55:16 PST"]
[Termination "Dyadya81 won by checkmate"]

1. d4 Nf6 2. c4 g6 3. Nc3 Bg7 4. e4 d6 5. Be2 O-O 6. Be3 Nbd7 7.
Nf3 a6 8. O-O c5 9. d5 b5 10.
cxb5 axb5 11. Bxb5 Ba6 12. a4 Ng4 13. Bg5 h6 14.
Bh4 Bxb5 15. axb5 Rxa1 16. Qxa1 g5 17. Bg3 Qb6 18. Qa6 Rb8 19. Ra1 Bxc3 20. bxc3 Qxb5 21. Qxb5 Rxb5 22. h3 Ngf6 23. e5 Ne4 24. exd6 exd6 25. Ra7 Ndf6 26. Kh2 Rb1 27. c4 g4 28. Nh4 Nd2 29.
Ra8+ Kh7 30. Bxd6 Nfe4 31. hxg4 Nf1+ 32. Kh3 Nxf2# 0-1

[Event "*** Titled Tuesday Blitz"]
[Site "Chess.com"]
[Date "2019.03.05"]
[Round "4"]
[White "gunslinger222"]
[Black "zeitnot2006"]
[Result "0-1"]
[WhiteElo "2185"]
[BlackElo "2126"]
[TimeControl "180+2"]
[EndTime "13:55:23 PST"]
[Termination "zeitnot2006 won by resignation"]

1. d4 g6 2. c4 Bg7 3. Nf3 Nf6 4. Nc3 O-O 5. g3 d6 6. Bg2 c6 7.
O-O Bg4 8. Ne1 Be6 9. d5 cxd5 10. cxd5 Bd7 11. Qb3 b6 12. Nd3 Na6 13. Bg5 Nc5 14.
Nxc5 bxc5 15. Qc4 Ng4 16. h3 Ne5 17. Qh4 f6 18. Bf4 Nf7 19. Be3 Rb8 20. b3 Rb4 21. g4 f5 22. f4 Bxc3 23. Rac1 Bf6 24. Qg3 Bd4 25. a3 Rxb3 26. Rf3 Bxe3+ 27. Rxe3 Rxe3 28.
Qxe3 fxg4 29. hxg4 Bxg4 30. Rb1 Qa5 31. Kf2 Qa4 32.
Kg3 Nh6 33. Be4 Bf5 34. Bxf5 Nxf5+ 35. Kf3 Nxe3 0-1